 Dungeon Crawl Stone Soup version 0.27.1 (webtiles) character file.

Game seed: 5742482006436850863

249 Malachi the Insei (level 6, -2/44 HPs)
             Began as an Octopode Monk on Aug 21, 2021.
             Succumbed to Duvessa's poison
             ... on level 4 of the Dungeon.
             The game lasted 00:03:41 (4186 turns).

Malachi the Insei (Octopode Monk)                   Turns: 4186, Time: 00:03:41

Health: -2/44      AC:  1    Str: 10    XL:     6   Next: 12%
Magic:  6/6        EV: 14    Int: 15    God:
Gold:   147        SH:  0    Dex: 14    Spells: 5/5 levels left

rFire    . . .     SeeInvis .     - Unarmed
rCold    . . .     Faith    .   (no shield)
rNeg     . . .     Spirit   .   (helmet restricted)
rPois    .         Reflect  .   (no amulet)
rElec    .         Harm     .   (no ring)
rCorr    .         Rampage  .   (no ring)
Will     .....                  (no ring)
Stlth    +++.......             (no ring)
HPRegen  0.14/turn              (no ring)
MPRegen  0.10/turn              (no ring)
                                (no ring)
                                (no ring)

@: lethally poisoned (-2 -> -21), studying Slings
A: almost no armour, amphibious, 8 rings, camouflage 1, gelatinous body 1,
(nimble swimmer 1), tentacles
a: no special abilities


You were on level 4 of the Dungeon.
You visited 1 branch of the dungeon, and saw 4 of its levels.

You collected 147 gold pieces.

Inventory:

Wands
 i - a wand of iceblast (5)
 l - a wand of flame (11)
 m - a wand of mindburst (5)
Scrolls
 a - a scroll of teleportation
 d - a scroll of enchant weapon
 e - a scroll of identify
 g - a scroll of enchant armour {unknown}
 j - a scroll of immolation {unknown}
 k - a scroll of silence {unknown}
Potions
 b - 2 potions of might
 c - 4 potions of lignification
 f - a potion of flight
 h - a potion of magic {unknown}


   Skills:
 + Level 4.5 Fighting
 - Level 3.0 Dodging
 - Level 2.7 Stealth
 * Level 5.7 Unarmed Combat


You had 5 spell levels left.
You didn't know any spells.
Your spell library contained the following spells:

 Spells                   Type           Power      Damage    Failure   Level
 Dazzling Flash           Conj/Hex       0%         N/A       63%         3
 Airstrike                Air            0%         N/A       95%         4
 Summon Lightning Spire   Summ/Air       0%         N/A       95%         4
 Agony                    Necr           0%         N/A       100%        5
 Lightning Bolt           Conj/Air       0%         1d11      100%        5
 Silence                  Hex/Air        0%         N/A       100%        5


Dungeon Overview and Level Annotations

Branches:
Dungeon (4/15)
 Temple: D:4-7

Altars:
Xom

Annotations:
D:4 Duvessa


Innate Abilities, Weirdness & Mutations

You cannot wear most types of armour.
You are amphibious.
You can wear up to eight rings at the same time.
Your skin changes colour to match your surroundings (Stealth+).
Your rubbery body absorbs attacks. (AC +1, EV +1)
((You are camouflaged near water. (Stealth+)))
You have tentacles for arms and can constrict up to eight enemies at once.


Message History

Dowan's robes are whipped around by a magical breeze.
Dowan closely misses you.
You tentacle-slap Dowan.
Dowan is heavily wounded.
You constrict Dowan. Dowan closely misses you.
Okay, then.
Aiming: Mindburst
Press: ? - help, Shift-Dir - straight line, f - Duvessa
Aim: Duvessa, wielding a +2 short sword of venom and wearing a +0 ring mail (chance to affect: 48%) Dowan struggles to resist.
You constrict Dowan. Dowan hits you with a +0 dagger.
Unknown command.
You tentacle-slap Dowan.
Dowan is severely wounded.
You constrict Dowan. Dowan hits you with a +0 dagger.
You tentacle-slap Dowan but do no damage.
You squeeze Dowan.
You kill Dowan!
Duvessa screams in rage.
Duvessa goes berserk!
You have reached level 6!
Your experience leads to an increase in your attributes!
Increase (S)trength, (I)ntelligence, or (D)exterity?
You feel clever.
You can't go down here!
Okay, then.
Aiming: Mindburst
Press: ? - help, Shift-Dir - straight line, f/p - Duvessa
Aim: Duvessa, wielding a +2 short sword of venom and wearing a +0 ring mail (berserk, chance to affect: 48%) Duvessa's mind is blasted!
Duvessa hits you with a +2 short sword of venom!!
Duvessa hits you with a +2 short sword of venom!
* * * LOW HITPOINT WARNING * * *
You are lethally poisoned!
Unknown command.
Aiming: Mindburst
Press: ? - help, Shift-Dir - straight line, f/p - Duvessa
Aim: Duvessa, wielding a +2 short sword of venom and wearing a +0 ring mail (lightly wounded, berserk, chance to affect: 48%) Duvessa's mind is blasted!
You die...

.# ###.########.#
.# ###########'##
.# #.....[......#
.## ###
#.........♣..#
..## ##.##
#..♣♣♣♣♣♣.♣..#
...###.#.####..♣..
♣.♣..#
......###...#..♣.♣
♣.♣..#
...###.#.####..♣e♣
♣.♣..# ..## ##.##
#..♣@♣♣♣♣.♣..# ###
### #..♣......♣..#
#..♣♣♣♣♣♣♣♣..#
#............#
#............#
##############


You could see Duvessa (berserk).

Vanquished Creatures
  Dowan (D:4)
  A jelly (D:3)
  A hound (D:4)
  A killer bee zombie (D:4)
  3 gnolls
  3 adders (D:2)
  3 orcs (D:3)
  7 ball pythons
  5 bats
  3 endoplasms (D:4)
  3 giant cockroaches
  5 goblins
  11 hobgoblins
  2 jackals (D:3)
  3 quokkas
  3 frilled lizards (D:1)
  5 kobolds
  7 rats
67 creatures vanquished.

Notes
Turn   | Place    | Note
-------+----------+-------------------------------------------
     0 | D:1      | Malachi the Octopode Monk began the quest for the Orb.
     0 | D:1      | Reached XP level 1. HP: 16/16 MP: 1/1
   175 | D:1      | Reached XP level 2. HP: 19/21 MP: 2/2
   822 | D:2      | Reached XP level 3. HP: 19/26 MP: 3/3
   855 | D:1      | Reached skill level 4 in Unarmed Combat
  1455 | D:2      | Reached XP level 4. HP: 27/33 MP: 4/4
  1509 | D:2      | Found a shimmering altar of Xom.
  1820 | D:3      | Reached XP level 5. HP: 18/37 MP: 5/5
  2416 | D:3      | Reached skill level 5 in Unarmed Combat
  4176 | D:4      | Noticed Duvessa
  4176 | D:4      | Noticed Dowan
  4184 | D:4      | Killed Dowan
  4185 | D:4      | Reached XP level 6. HP: 34/44 MP: 6/6
  4186 | D:4      | Succumbed to Duvessa's poison

Illustrated notes

Levels and vault maps discovered:
D:1:      ebering_trefoil_3fold, layout_loops_ring, minmay_tetromino_o2
D:2:      layout_rooms, basic_altar
D:3:      layout_loops_ring, minmay_misc_feat_plants
D:4:      layout_loops_ring, minivault_23, kennysheep_small_spiral,
          grunt_ministairs_5, uniq_duvessa

Skill      XL: |  1  2  3  4  5 |
---------------+----------------+-----
Unarmed Combat | 4 5 |  5.7
Fighting       | 4 |  4.5
Dodging        | |  3.0
Stealth        | |  2.7

Action                   |  1- 3 |  4- 6 || total
-------------------------+-------+-------++-------
Melee: Unarmed           |    60 |    87 ||   147
       Constrict         |    22 |    16 ||    38
       Tentacles         |     9 |     9 ||    18
       Punch             |     3 |       ||     3
Evoke: Wand              |       |     3 ||     3
  Use: Scroll            |       |     7 ||     7
 Stab: Sleeping          |     3 |     9 ||    12
Armor: Skin              |     1 |     4 ||     5
Dodge: Dodged            |    49 |    41 ||    90
